 Dungeon Crawl Stone Soup version 0.25.1-2-g60ff931df9 (webtiles) character file.

Game seed: 13201692656658500

21 MrRokkomies the Slasher (level 2, -1/23 HPs)
             Began as a Vampire Chaos Knight on Aug 5, 2020.
             Was a Plaything of Xom.
             Killed from afar by a white imp (8 damage)
             ... with a puff of frost
             ... summoned by Xom
             ... on level 1 of the Dungeon.
             The game lasted 00:03:18 (35564 turns).

MrRokkomies the Slasher (Vampire Chaos Knight)     Turns: 35564, Time: 00:03:19

Health: -1/23      AC:  6    Str:  9 (11) XL:     2   Next: 62%
Magic:  2/2        EV: 10    Int: 14      God:    Xom [...*..]
Gold:   111        SH:  0    Dex: 13 (19) Spells: 1/1 levels left

rFire    + . .     SeeInvis +   a - +0 falchion (chaos)
rCold    . . .     Gourm    .   (no shield)
rNeg     . . .     Faith    .   d - +0 ring mail
rPois    +         Spirit   .   l - +1 hat {SInv}
rElec    .         Reflect  .   (no cloak)
rCorr    .         Harm     .   (no gloves)
MR       .....                  (boots unavailable)
Stlth    +.........             (no amulet)
HPRegen  0.27/turn              (no ring)
MPRegen  0.08/turn              (no ring)

@: regenerating quickly, drained
A: no food, fangs 3, hooves 3, thin skeletal structure 1, see invisible, agile
2, deterioration 1, fire resistance 1, poison resistance, unbreathing,
MP-powered wands
a: Exsanguinate, Renounce Religion


You were on level 1 of the Dungeon.
You worshipped Xom.
You were a favourite toy of Xom.
You were alive.

You visited 1 branch of the dungeon, and saw 1 of its levels.

You collected 111 gold pieces.

Inventory:

Hand Weapons
 a - a +0 falchion of chaos (weapon)
Armour
 b - a +2 leather armour
 d - a +0 ring mail (worn)
 j - a +1 helmet
 l - a +1 hat of see invisible (worn)
Wands
 c - a wand of paralysis (9)
Scrolls
 e - a scroll of immolation {unknown}
 f - a scroll of enchant weapon {unknown}
 k - 2 scrolls of teleportation {unknown}
Potions
 h - a potion of might {unknown}
 i - a potion of mutation {unknown}
Miscellaneous
 g - a phial of floods


   Skills:
 + Level 2.9(1.8) Fighting
 * Level 3.3(2.2) Long Blades
 - Level 0.7(0.0) Armour
 * Level 2.7(1.6) Dodging
 + Level 1.2(0.2) Stealth


You had one spell level left.
You didn't know any spells.
Your spell library contained the following spells:

 Spells                   Type           Power        Failure   Level  Hunger
 Shock                    Conj/Air       #...         63%         1    N/A
 Swiftness                Chrm/Air       #.......     77%         2    N/A
 Static Discharge         Conj/Air       #.......     94%         3    N/A
 Airstrike                Air            #.........   100%        4    N/A
 Lightning Bolt           Conj/Air       #.........   100%        5    N/A

Dungeon Overview and Level Annotations

Branches:
Dungeon (1/15)

Altars:
Xom


Innate Abilities, Weirdness & Mutations

You do not eat.
Your natural rate of healing is unusually fast.
You have razor-sharp teeth.
You have supernaturally acute eyesight. (SInv)
You can survive without breathing.
You have hooves in place of feet.
You have a somewhat thin skeletal structure. (Dex +2, Stealth)
You are very agile. (Dex +4)
Your body sometimes deteriorates upon taking damage.
Your flesh is heat resistant. (rF+)
Your system is resistant to poisons. (rPois)
You expend magic power (3 MP) to strengthen your wands.


Message History

You hit the white imp but do no damage.
The white imp suddenly seems more agile.
The white imp hits you. The white imp freezes you.
You barely miss the white imp. Your kick misses the white imp.
You hit the crimson imp.
The crimson imp's magic leaks into the air.
You bite the crimson imp.
The crimson imp is heavily wounded.
You barely miss the crimson imp. You kick the crimson imp.
The crimson imp is severely wounded.
The crimson imp hits you.
You hit the crimson imp but do no damage.
You kick the crimson imp!
You kill the crimson imp!
The white imp gestures at you. The puff of frost hits you.
The white imp gestures at you. The puff of frost hits you!
You die... "Boring in life, boring in death..."

############
......#...(#
#####.#.##.# #
#.#.##.# # #.#.##.#
###### #
#.#.##.######....#
#####.#.##........##.#
...##.#.############.#
.####.#.##.._.5.@[...#
.# #.#.##.###########
#####.#..#.#...#
......##.#.#.#.#
########.#.#.#.#
#........###.#.#
#.######## #.#.#
#.#....#####.#.#
#.#.##.#.......#


You could see a white imp (summoned, agile).

Vanquished Creatures
  2 leopard geckos (D:1)
  A goblin (D:1)
  6 hobgoblins (D:1)
  2 kobolds (D:1)
  3 bats (D:1)
  A frilled lizard (D:1)
15 creatures vanquished.

Notes
Turn   | Place    | Note
-------+----------+-------------------------------------------
     0 | D:1      | MrRokkomies the Vampire Chaos Knight began the quest for
                  | the Orb.
     0 | D:1      | Reached XP level 1. HP: 17/17 MP: 1/1
   211 | D:1      | XOM: silly message
   237 | D:1      | XOM: potion effect (haste)
   460 | D:1      | Reached XP level 2. HP: 23/23 MP: 2/2
   643 | D:1      | Reached skill level 1 in Stealth
  1886 | D:1      | XOM: give mutations
  1886 | D:1      | Gained mutation: Your system is resistant to poisons.
                  | (rPois) [Xom's grace]
  1886 | D:1      | Gained mutation: You passively map a small area around you.
                  | [Xom's grace]
  1886 | D:1      | Gained mutation: You are agile. (Dex +2) [Xom's grace]
  1886 | D:1      | Gained mutation: Your spells are a little harder to cast,
                  | but a little more powerful. [Xom's grace]
  1917 | D:1      | XOM is BORED!
  1917 | D:1      | XOM: give mutations
  1917 | D:1      | Lost mutation: Your spells are a little harder to cast, but
                  | a little more powerful. [Xom's mischief]
  1917 | D:1      | Gained mutation: Your flesh is cold resistant. (rC+) [Xom's
                  | mischief]
  1917 | D:1      | Gained mutation: You are robust. (+10% HP) [Xom's mischief]
  2024 | D:1      | XOM: give mutations
  2024 | D:1      | Lost mutation: Your flesh is cold resistant. (rC+) [Xom's
                  | mischief]
  2024 | D:1      | Lost mutation: You are robust. (+10% HP) [Xom's mischief]
  3287 | D:1      | XOM: god gift: 32 sling bullets
  3894 | D:1      | XOM: silly message
  4317 | D:1      | XOM: give mutation
  4317 | D:1      | Gained mutation: You are frail. (-10% HP) [Xom's mischief]
  5491 | D:1      | XOM is BORED!
  6395 | D:1      | XOM: give mutations
  6395 | D:1      | Gained mutation: Your spells are a little harder to cast,
                  | but a little more powerful. [Xom's mischief]
  7014 | D:1      | XOM: cloud trail
  7232 | D:1      | XOM: god gift: 14 stones
  8111 | D:1      | XOM is BORED!
  8415 | D:1      | XOM: give mutation
  8415 | D:1      | Lost mutation: You are frail. (-10% HP) [Xom's mischief]
  8724 | D:1      | XOM: cloud trail
  8926 | D:1      | XOM: give mutations
  8926 | D:1      | Lost mutation: Your spells are a little harder to cast, but
                  | a little more powerful. [Xom's mischief]
  8926 | D:1      | Gained mutation: You have a somewhat thin skeletal
                  | structure. (Dex +2, Stealth) [Xom's mischief]
 10060 | D:1      | XOM: give mutation
 10060 | D:1      | Gained mutation: You are weak. (Str -2) [Xom's mischief]
 10958 | D:1      | XOM is BORED!
 11292 | D:1      | XOM: stat loss: -1 Str (8/9)
 11587 | D:1      | XOM: give mutations
 11587 | D:1      | Gained mutation: Your body sometimes deteriorates upon
                  | taking damage. [Xom's mischief]
 11587 | D:1      | Lost mutation: You passively map a small area around you.
                  | [Xom's mischief]
 12035 | D:1      | XOM: god gift: runed helmet {god gift}
 12267 | D:1      | XOM: give mutations
 12267 | D:1      | Lost mutation: You are agile. (Dex +2) [Xom's mischief]
 12267 | D:1      | Lost mutation: Your body sometimes deteriorates upon taking
                  | damage. [Xom's mischief]
 12267 | D:1      | Gained mutation: You are partially covered in yellow
                  | scales. (AC +2) [Xom's mischief]
 12322 | D:1      | XOM: summons 2 hostile demons
 12431 | D:1      | XOM: give mutations
 12431 | D:1      | Gained mutation: You have an increased reservoir of magic.
                  | (+10% MP) [Xom's grace]
 12431 | D:1      | Gained mutation: Your mind is acute. (Int +2) [Xom's grace]
 12638 | D:1      | XOM: silly message
 12866 | D:1      | XOM: noise
 13076 | D:1      | XOM: cloud trail
 13117 | D:1      | XOM: give mutations
 13117 | D:1      | Gained mutation: You occasionally shout uncontrollably at
                  | your foes. [Xom's mischief]
 13117 | D:1      | Lost mutation: You are weak. (Str -2) [Xom's mischief]
 13440 | D:1      | XOM: give mutations
 13440 | D:1      | Lost mutation: You occasionally shout uncontrollably at
                  | your foes. [Xom's mischief]
 13440 | D:1      | Lost mutation: You are partially covered in yellow scales.
                  | (AC +2) [Xom's mischief]
 13609 | D:1      | XOM: god gift: wand of paralysis (9)
 13805 | D:1      | XOM: give mutations
 13805 | D:1      | Gained mutation: You have large cloven feet. [Xom's grace]
 13805 | D:1      | Gained mutation: You are partially covered in icy blue
                  | scales. (AC +2) [Xom's grace]
 13805 | D:1      | Gained mutation: Your muscles are strong. (Str +2) [Xom's
                  | grace]
 14812 | D:1      | XOM: god gift: phial of floods
 15025 | D:1      | XOM: scenery: create altars
 15036 | D:1      | XOM: silly message
 15445 | D:1      | XOM is BORED!
 15748 | D:1      | XOM: give mutations
 15748 | D:1      | Gained mutation: You are frail. (-10% HP) [Xom's mischief]
 15748 | D:1      | Lost mutation: Your muscles are strong. (Str +2) [Xom's
                  | mischief]
 15748 | D:1      | Lost mutation: Your mind is acute. (Int +2) [Xom's
                  | mischief]
 16383 | D:1      | XOM: give mutations
 16383 | D:1      | Gained mutation: You expend magic power (3 MP) to
                  | strengthen your wands. [Xom's grace]
 16383 | D:1      | Gained mutation: You have a pair of small horns on your
                  | head. [Xom's grace]
 16383 | D:1      | Gained mutation: You are surrounded by a mild repulsion
                  | field. (EV +2) [Xom's grace]
 16717 | D:1      | XOM: god gift: 2 scrolls labeled OKLIMM ADGHEI {god gift}
 16934 | D:1      | XOM: cloud trail
 17013 | D:1      | XOM: god gift: 25 gold pieces
 17053 | D:1      | XOM is BORED!
 17053 | D:1      | XOM: summons 2 hostile shadow creatures
 17201 | D:1      | XOM: cloud trail
 17487 | D:1      | XOM: scenery: create altars
 18637 | D:1      | XOM: give mutations
 18637 | D:1      | Gained mutation: Your body sometimes deteriorates upon
                  | taking damage. [Xom's mischief]
 18637 | D:1      | Lost mutation: You have an increased reservoir of magic.
                  | (+10% MP) [Xom's mischief]
 18637 | D:1      | Lost mutation: You are frail. (-10% HP) [Xom's mischief]
 18646 | D:1      | XOM: give mutations
 18646 | D:1      | Lost mutation: You expend magic power (3 MP) to strengthen
                  | your wands. [Xom's mischief]
 18646 | D:1      | Gained mutation: Your body often deteriorates upon taking
                  | damage. [Xom's mischief]
 19339 | D:1      | XOM: give mutations
 19339 | D:1      | Lost mutation: Your body often deteriorates upon taking
                  | damage. [Xom's mischief]
 19339 | D:1      | Lost mutation: Your body sometimes deteriorates upon taking
                  | damage. [Xom's mischief]
 19392 | D:1      | XOM: give mutation
 19392 | D:1      | Gained mutation: Your body sometimes deteriorates upon
                  | taking damage. [Xom's mischief]
 19674 | D:1      | XOM: summons 2 hostile shadow creatures
 19704 | D:1      | XOM: god gift: runed hat {god gift}
 19897 | D:1      | XOM: give mutations
 19897 | D:1      | Gained mutation: You have hoof-like feet. [Xom's grace]
 19897 | D:1      | Gained mutation: You expend magic power (3 MP) to
                  | strengthen your wands. [Xom's grace]
 19928 | D:1      | XOM: god gift: 27 stones
 20245 | D:1      | XOM: give mutations
 20245 | D:1      | Gained mutation: You are resistant to hostile enchantments.
                  | (MR+) [Xom's grace]
 20245 | D:1      | Gained mutation: You have hooves in place of feet. [Xom's
                  | grace]
 21386 | D:1      | XOM: silly message
 21411 | D:1      | XOM: god gift: book of Air
 21636 | D:1      | XOM: 4-stop teleportation journey
 21932 | D:1      | XOM: god gift: 59 gold pieces
 22458 | D:1      | XOM is BORED!
 22458 | D:1      | XOM: draining
 22606 | D:1      | XOM: torment (13/23 hp)
 22903 | D:1      | XOM: divination: detect creatures
 23371 | D:1      | XOM: scenery: create altars
 23453 | D:1      | XOM: give mutations
 23453 | D:1      | Gained mutation: You are agile. (Dex +2) [Xom's grace]
 23453 | D:1      | Gained mutation: Your flesh is heat resistant. (rF+) [Xom's
                  | grace]
 23453 | D:1      | Gained mutation: You are very agile. (Dex +4) [Xom's grace]
 23496 | D:1      | XOM is BORED!
 23689 | D:1      | XOM: divination: detect items
 24664 | D:1      | XOM: noise
 25281 | D:1      | XOM: silly message
 25632 | D:1      | XOM: silly message
 25968 | D:1      | XOM is BORED!
 25968 | D:1      | XOM: silly message
 26258 | D:1      | XOM: silly message
 26612 | D:1      | XOM is BORED!
 27143 | D:1      | XOM: divination: magic mapping
 27247 | D:1      | XOM: divination: magic mapping
 28281 | D:1      | XOM: divination: magic mapping
 28422 | D:1      | XOM: silly message
 28950 | D:1      | XOM is BORED!
 29548 | D:1      | XOM: god gift: chain mail {god gift}
 29742 | D:1      | XOM: silly message
 31112 | D:1      | XOM: silly message
 32118 | D:1      | XOM is BORED!
 32118 | D:1      | XOM: give mutations
 32118 | D:1      | Lost mutation: You have a pair of small horns on your head.
                  | [Xom's mischief]
 32118 | D:1      | Lost mutation: You are partially covered in icy blue
                  | scales. (AC +2) [Xom's mischief]
 33642 | D:1      | XOM: stat loss: -1 Str (9/11)
 33891 | D:1      | XOM: cloud trail
 34554 | D:1      | XOM: give mutations
 34554 | D:1      | Lost mutation: You are resistant to hostile enchantments.
                  | (MR+) [Xom's mischief]
 34554 | D:1      | Lost mutation: You are surrounded by a mild repulsion
                  | field. (EV +2) [Xom's mischief]
 34692 | D:1      | XOM: silly message
 35553 | D:1      | XOM is BORED!
 35553 | D:1      | XOM: summons 2 hostile demons
 35554 | D:1      | Noticed a crimson imp
 35564 | D:1      | Killed from afar by a white imp

Illustrated notes

Levels and vault maps discovered:
D:1:      beargit_arrival_greenhouse, layout_basic

Skill      XL: |  1  2 |
---------------+-------+-----
Stealth        | 1 |  1.2
Fighting       | |  2.9
Long Blades    | |  3.3
Armour         | |  0.7
Dodging        | |  2.7

Action                   || total
-------------------------++-------
Melee: Falchion          ||   103
       Bite              ||     3
       Kick              ||     5
       Headbutt          ||     1
  Use: Potion            ||     1
 Stab: Paralysed         ||     1
Armor: Ring mail         ||   114
       Leather armour    ||     3
Dodge: Dodged            ||   106
       Rpst.: Falchion   ||    19
